 Dungeon Crawl Stone Soup version 0.31-a0-339-gda1cbd555d (webtiles) character file.

Game seed: 6833842747939021966

77 porpoise the Shooter (level 4, -1/28 HPs)
             Began as a Tengu Hunter on July 21, 2023.
             Slain by an ogre
             ... wielding a +0 giant club
              (21 damage)
             ... on level 3 of the Dungeon.
             The game lasted 00:03:32 (1311 turns).

porpoise the Shooter (Tengu Hunter)                 Turns: 1311, Time: 00:03:33

Health: -1/28      AC:  3    Str: 12    XL:     4   Next: 34%
Magic:  5/5        EV: 12    Int:  9    God:
Gold:   100        SH:  0    Dex: 19    Spells: 3/3 levels left

rFire   . . .        a - +0 shortbow
rCold   . . .        (shield currently unavailable)
rNeg    . . .        c - +0 leather armour
rPois   .            (helmet restricted)
rElec   .            (no cloak)
rCorr   .            (no gloves)
SInv    .            (boots unavailable)
Will    .....        (no amulet)
Stlth   ++           (no ring)
HPRegen 0.24/turn    (no ring)
MPRegen 0.09/turn

%: no passive effects
@: no status effects
A: beak, talons 3
a: no special abilities


You were on level 3 of the Dungeon.
You visited 1 branch of the dungeon, and saw 3 of its levels.

You collected 100 gold pieces.

Inventory:

Hand Weapons
 a - a +0 shortbow (weapon)
 b - a +0 dagger of electrocution
Missiles
 e - 6 poisoned darts
Armour
 c - a +0 leather armour (worn)
Scrolls
 f - a scroll of poison {unknown}
 h - a scroll of butterflies
 i - a scroll of immolation {unknown}
 j - a scroll of summoning {unknown}
 k - a scroll of fear {unknown}
Potions
 d - 2 potions of curing {unknown}
 g - a potion of degeneration {unknown}


   Skills:
 + Level 3.0 Fighting
 * Level 5.7 Ranged Weapons
 - Level 2.1 Dodging
 - Level 1.0 Stealth


You had 3 spell levels left.
You didn't know any spells.
Your spell library was empty.

Dungeon Overview and Level Annotations

Branches:
Dungeon (3/15)

Altars:
Sif Muna


Innate Abilities, Weirdness & Mutations

You have a beak for a mouth.
You have claws for feet.


Message History

The worm barely misses you.
You shoot an arrow. The arrow hits the worm!
The worm is almost dead.
You shoot an arrow. The arrow hits the worm.
The worm is almost dead.
The worm bites you.
You shoot an arrow.
The arrow hits the worm but does no damage.
The worm is almost dead.
The worm barely misses you.
You shoot an arrow. The arrow barely misses the worm.
The worm bites you.
You shoot an arrow. The arrow hits the worm!
You kill the worm!
You start resting.
HP restored.
You now have 100 gold pieces (gained 14).
k - a scroll labelled WONWUO NASA
Found a shimmering blue altar of Sif Muna.
Found a stone staircase leading down.
There is a stone staircase leading down here.
An ogre comes into view. It is wielding a +0 giant club.
You shoot an arrow. The ogre shouts!
The arrow hits the ogre but does no damage.
You shoot an arrow. The arrow hits the ogre.
The ogre is lightly wounded.
You shoot an arrow. The arrow hits the ogre.
The ogre is moderately wounded.
The ogre barely misses you.
You shoot an arrow.
The arrow hits the ogre but does no damage.
The ogre is moderately wounded.
The ogre hits you with a +0 giant club!
You shoot an arrow. The arrow hits the ogre.
The ogre is moderately wounded.
You shoot an arrow. The arrow hits the ogre.
The ogre is moderately wounded.
The ogre hits you with a +0 giant club!!
Ouch! That really hurt!
You die...

#### #.. #.#
########O#
#..>...@.# #####
#.#####..###...#
#.# #......#.#
#.# ##.###...#
#.# #.# ##.## #.
#.# #.# #.#
#.##.# #.# #.#
#.##.# #.# #.#
#.##.#
#.####.#######


You could see an ogre.

Vanquished Creatures
  2 adders
  2 worms
  A dart slug (D:2)
  8 endoplasms
  A giant cockroach (D:1)
  3 goblins
  5 hobgoblins
  4 jackals
  2 quokkas
  6 ball pythons
  5 bats
  2 frilled lizards (D:1)
  2 kobolds
  5 rats
48 creatures vanquished.

Notes
Turn   | Place    | Note
-------+----------+-------------------------------------------
     0 | D:1      | porpoise the Tengu Hunter began the quest for the Orb.
     0 | D:1      | Reached XP level 1. HP: 12/12 MP: 2/2
   124 | D:1      | Reached XP level 2. HP: 17/17 MP: 3/3
   592 | D:1      | Reached skill level 5 in Ranged Weapons
   690 | D:2      | Reached XP level 3. HP: 22/22 MP: 4/4
  1025 | D:2      | Reached XP level 4. HP: 27/27 MP: 5/5
  1242 | D:3      | Found a shimmering blue altar of Sif Muna.
  1305 | D:3      | Noticed an ogre
  1311 | D:3      | Slain by an ogre

Illustrated notes

Levels and vault maps discovered:
D:1:      scummos_arrival_checkerplants, layout_basic
D:2:      layout_rooms, corexii_hall_statues_l
D:3:      kennysheep_goblin_castle, layout_loops_ring,
          nicolae_overflow_crystal_walls, gammafunk_temple_overflow_elements

Skill      XL: |  1  2  3  4 |
---------------+-------------+-----
Ranged Weapons | 5 |  5.7
Fighting       | 3 |  3.0
Dodging        | |  2.1
Stealth        | |  1.0

Action                     |  1- 3 |  4- 6 || total
---------------------------+-------+-------++-------
  Melee: Dagger            |       |     2 ||     2
         Kick              |       |     1 ||     1
   Fire: Shortbow          |   115 |    24 ||   139
   Stab: Sleeping          |       |     1 ||     1
 Armour: Leather armour    |    13 |       ||    13
  Dodge: Dodged            |    29 |     4 ||    33

Table legend: (Time is in decaauts)
 A = Elapsed time spent in this place.
 B = Non-inter-level travel time spent in this place.
 C = Inter-level travel time spent in this place.
 D = Time resting spent in this place.
 E = Time spent auto-exploring this place.
 F = Levels seen in this place.
 G = Mean time per level.
                   A        B        C        D        E       F      G
               +--------+--------+--------+--------+--------+-----+--------+
         Total |   1334 |   1286 |     48 |     89 |    936 |   3 |  444.7 |
       Dungeon |   1334 |   1286 |     48 |     89 |    936 |   3 |  444.7 |
               +--------+--------+--------+--------+--------+-----+--------+

Top non-repeatable levels by time:
     D:1: 738 daAuts
     D:2: 427 daAuts
     D:3: 168 daAuts
